Yev-Ruu, chaotic female vampiric Convict # ### ---- #d#### ....| @---%-- #|<%..| |....| |..... -....| ------ Yev-Ruu the Jail-bird Experience level: 8 Strength: 15 Dexterity: 14 Constitution: 18 Intelligence: 11 Wisdom: 10 Charisma: 9 Health: 0(72) Energy: 51(51) AC: 0 Gold: 0 Moves: 4386 Your Inventory: Armor b - a cursed +0 striped shirt (being worn) x - an uncursed +0 pair of hard shoes [iron] (being worn) y - an [uncursed] +0 dwarvish mithril-coat (being worn) A - a blessed +0 hooded cloak [dwarvish] (being worn) C - an [uncursed] +0 hard hat [dwarvish iron helm] (being worn) Rings V - an [uncursed] engagement ring [of fire resistance] Tools f - an [uncursed] bag called Hold [of holding] B - an [uncursed] lock pick Iron balls c - an uncursed heavy iron ball (chained to you) (weapon in hand) Contents of the bag of holding: 832 gold pieces an [uncursed +0] dagger of frost [and warning] 11 uncursed [+0] darts [of stealth] an uncursed Hyper Futa Mare Dick named Who's my Lucky? an [uncursed] scroll labeled PRATYAVAYAH [of light] a [cursed] scroll labeled VENZAR BORGAVVE [of teleportation] a cursed scroll of create monster a blessed scroll of enchant armor an [uncursed] scroll of enchant armor an uncursed scroll of food detection an [uncursed] scroll of identify an [uncursed] greasy potion [of speed] an [uncursed] potion of oil a [cursed] soapy potion [of confusion] an [uncursed] engagement ring [of fire resistance] an uncursed wand of digging [0:5] an [uncursed] wand of lightning [0:3] an uncursed wand of striking [0:3] 15 uncursed [wax] candles 4 uncursed [tallow] candles an uncursed looking glass [mirror] 4 uncursed black gems [worthless glass] an [uncursed] black gem [obsidian] an [uncursed] stone called Luck! [luckstone] 3 uncursed yellow gems [worthless glass] Spells known in the end: Name Level Category Fail Memory a - dig 5 matter 100% [||||||||] Your skills at the end: Fighting Skills Weapon Skills sling [Basic / Skilled] Spellcasting Skills Final Attributes: You were piously aligned. Hunger level was 693. Your alignment was 31 / 31. Monster difficulty range was 1 - 7. Level difficulty was 7. You were immune to poison. You were immune to level-drain. You were immune to sickness. You were punished. You could fly. You could survive without air. You regenerated. Your luck was zero. You are dead. Vanquished creatures: a crocodile 3 wolves a leprechaun a horse a gnome king a jaguar a dwarf lord 3 blue jellies a snake a water nymph a rock mole a fog cloud a yellow light a shrieker 5 gnome lords a wax golem a little dog a floating eye 7 dwarves 5 hill orcs 2 rothes 2 centipedes 4 dwarf zombies 2 iguanas 10 killer bees an acid blob a gas spore 3 hobbits 7 manes a hobgoblin a brown mold 33 gnomes 3 jackals a fox a goblin 4 sewer rats 5 grid bugs 2 lichens a kobold zombie 8 newts 130 creatures vanquished. Voluntary challenges: You went without food. You never hit with a wielded weapon. You read items or engraved 5 times. You put on armor 8 times. You never genocided any monsters. You never polymorphed an object. You never changed form. You used no wishes. You abstained from Elbereth's help. You never encountered a bones level. You never used any Sokoban shortcuts. Dungeon overview: The Dungeons of Doom: levels 1 to 7 Level 1 an altar a long staircase Level 2 a general store Level 3 a fountain Level 4 some fountains stairs to The Gnomish Mines Level 5 some fountains Level 6 (lmao2ninfae) many fountains Level 7 <- You were here The Gnomish Mines: levels 5 to 7 Level 5 stairs to The Dungeons of Doom History has recorded: On T:1 you entered the Dungeons of Doom to retrieve the Amulet of Yendor! On T:792 you advanced to experience level 2. On T:813 you reached level 3 of The Dungeons of Doom. On T:831 you advanced to experience level 3. On T:899 you advanced to experience level 4. On T:1064 you reached level 4 of The Dungeons of Doom. On T:1127 you advanced to experience level 5. On T:1148 you reached level 1 of The Gnomish Mines. On T:1187 you advanced to experience level 6. On T:1620 you reached level 2 of The Gnomish Mines. On T:1657 you advanced to experience level 7. On T:2862 you reached level 3 of The Gnomish Mines. On T:2923 you advanced to experience level 8. On T:3693 you reached level 5 of The Dungeons of Doom. On T:3925 you reached level 6 of The Dungeons of Doom. On T:4344 you reached level 7 of The Dungeons of Doom. Latest messages: The wolf bites! [HP-5=9] You miss the wolf. You bite the wolf. The wolf bites! [HP-2=7] You miss the wolf. You bite the wolf. The wolf bites! [HP-5=2] [HP+1=3] Pick an object. A wolf on an iron chain on a lit corridor. Looking up "wolf"... You are already wielding that! [HP+1=4] [HP+1=5] [HP+1=6] The wolf bites! You die... Final status: Goodbye Yev-Ruu the Convict... You died in The Dungeons of Doom on dungeon level 7 with 6171 points, and 832 pieces of gold, after 4386 moves. You were level 8 with a maximum of 72 hit points when you died.